 Dungeon Crawl Stone Soup version 0.18-a0-1443-ge8f1551 (webtiles) character file.

494 Foomius the Chopper (level 6, 0/50 HPs)
             Began as a Demonspawn Gladiator on Feb 29, 2016.
             Slain by a hobgoblin
             ... wielding a +0 club
             ... led by Robin
              (3 damage)
             ... on level 4 of the Dungeon.
             The game lasted 00:11:07 (3469 turns).

Foomius the Chopper (Demonspawn Gladiator)          Turns: 3469, Time: 00:11:08

Health: 0/50       AC:  9    Str: 17    XL:     6   Next: 92%
Magic:  6/6        EV: 11    Int:  9    God:
Gold:   135        SH:  0    Dex: 14    Spells: 0 memorised, 5 levels left

rFire  . . .     SeeInvis .     a - +0 war axe
rCold  + . .     Gourm    .     o - +0 ring mail
rNeg   . . .     Faith    .     (no shield)
rPois  .         Spirit   .     c - +0 helmet
rElec  .         Dismiss  .     x - +0 cloak
rCorr  +         Reflect  .     (no gloves)
SustAt .         Harm     +     (no boots)
MR     .....                    B - amulet of harm
Stlth  +.........               (no ring)
                                h - ring of resist corrosion

@: not resistant to hostile enchantments, very unstealthy
A: thin metallic scales 1, cold resistance 1, demonic guardian 1, freezing cloud
immunity
a: no special abilities


You were on level 4 of the Dungeon.
You were not hungry.

You visited 1 branch of the dungeon, and saw 4 of its levels.

You collected 135 gold pieces.

Inventory:

Hand Weapons
 a - a +0 war axe (weapon)
Missiles
 d - 3 throwing nets
 y - 150 stones (quivered)
Armour
 c - a +0 helmet (worn)
 o - a +0 ring mail (worn)
 x - a +0 cloak (worn)
Jewellery
 h - a ring of resist corrosion (left hand)
 B - an amulet of harm (around neck)
Scrolls
 e - 5 scrolls of remove curse {unknown}
 g - 3 scrolls of identify {unknown}
 i - a scroll of random uselessness {unknown}
 s - a scroll of amnesia {unknown}
 t - a scroll of noise {unknown}
 w - a scroll of enchant weapon {unknown}
 A - a scroll of teleportation {unknown}
 E - a scroll of enchant armour {unknown}
Potions
 b - a potion of agility {unknown}
 j - a potion of lignification {unknown}
 k - a potion of might {unknown}
 l - a potion of haste {unknown}
 n - a potion of flight {unknown}
 p - a potion of mutation {unknown}
 u - a potion of beneficial mutation {unknown}
 D - a potion of ambrosia {unknown}
 F - a potion of heal wounds {unknown}
Comestibles
 f - 3 bread rations
 m - 8 fruits
 q - 3 chunks of flesh
 r - 3 meat rations
 v - a slice of pizza
 z - a beef jerky


   Skills:
 + Level 4.8 Fighting
 + Level 5.9 Axes
 - Level 1.7 Throwing
 - Level 2.6 Dodging


You had 5 spell levels left.
You didn't know any spells.

Dungeon Overview and Level Annotations

Branches:
Dungeon (4/15)
 Temple: D:4-7

Altars:
Ashenzari
Cheibriados

Annotations:
D:4 Robin; namelastname112's ghost, amateur DrTm


Innate Abilities, Weirdness & Mutations

You are partially covered in thin metallic scales (AC +2).
Your flesh is cold resistant.
A weak demonic guardian rushes to your aid.
You are immune to freezing clouds.


Message History

* * * LOW HITPOINT WARNING * * *
Drink which item? (? for menu, Esc to quit)
You feel better.
Namelastname112's ghost barely misses you.
Robin misses you.
Your quasit bites the goblin.
Your quasit claws the goblin. x2
The goblin dies!
The hobgoblin barely misses you.
You hit namelastname112's ghost but do no damage.
Namelastname112's ghost is almost destroyed.
You hit the hobgoblin.
The hobgoblin is severely wounded.
Namelastname112's ghost hits you!
* * * LOW HITPOINT WARNING * * *
Your quasit barely misses the giant frog skeleton.
Your quasit claws the giant frog skeleton. x2
Robin hits you from afar with a trident.
* * * LOW HITPOINT WARNING * * *
The giant frog skeleton hits you but does no damage.
The hobgoblin hits you with a club.
You die...

##.# #.# # #... #.# #.
#..# #.# #
.######..########.#.#
... .............#[#
##.## ....##.##....#
###.#.##.#.##.#.##.###
g. [..#.g.###.).#.[#.#
(((# #.#.##@#.##.#.##.#
.....##g##WgZ..##.##..#
#.((.g.)..g.5........#
#....).).#..#######..#
##.#####...## ##.# #
#.###########.#
#........)....#
#############.# #)#


You could see Robin, namelastname112's ghost, a hobgoblin (frenzied), a goblin
(frenzied), a giant frog skeleton and a friendly quasit.

Vanquished Creatures
  A sky beast (D:4)
  An ogre (D:4)
  2 orc wizards
  Crazy Yiuf (D:2)
  A worker ant (D:4)
  Natasha (twice) (D:2)
  3 adders
  A gnoll (D:1)
  An adder skeleton (D:3)
  A worm (D:3)
  2 dart slugs (D:1)
  3 giant geckos
  3 orcs (D:3)
  9 bats
  3 giant cockroaches
  10 goblins
  7 hobgoblins
  2 jackals (D:1)
  2 quokkas (D:2)
  3 ball pythons
  4 giant newts
  6 kobolds
  12 rats
80 creatures vanquished.

Vanquished Creatures (collateral kills)
  An orc priest (D:3)
  Natasha (D:2)
  An orc wizard (D:3)
  A ball python (D:2)
  5 goblins (D:4)
  A hobgoblin (D:4)
10 creatures vanquished.

Grand Total: 90 creatures vanquished

Notes
Turn   | Place    | Note
--------------------------------------------------------------
     0 | D:1      | Foomius the Demonspawn Gladiator began the quest for the Orb.
     0 | D:1      | Reached XP level 1. HP: 16/16 MP: 1/1
    22 | D:1      | Reached skill level 3 in Axes
   127 | D:1      | Gained mutation: Your flesh is cold resistant. [demonic ancestry]
   127 | D:1      | Reached XP level 2. HP: 17/22 MP: 2/2
   358 | D:1      | Reached XP level 3. HP: 24/27 MP: 3/3
   689 | D:1      | Reached skill level 4 in Axes
  1129 | D:2      | Noticed Natasha
  1136 | D:2      | Killed Natasha
  1136 | D:2      | Gained mutation: A weak demonic guardian rushes to your aid. [demonic ancestry]
  1136 | D:2      | Reached XP level 4. HP: 17/34 MP: 4/4
  1258 | D:2      | Found a snail-covered altar of Cheibriados.
  1434 | D:2      | Noticed Natasha
  1450 | D:2      | Killed Natasha
  1644 | D:2      | Noticed Natasha
  1661 | D:2      | Killed Natasha
  1791 | D:2      | Noticed Crazy Yiuf
  1798 | D:2      | Killed Crazy Yiuf
  1798 | D:2      | Gained mutation: You are immune to freezing clouds. [demonic ancestry]
  1798 | D:2      | Reached XP level 5. HP: 37/41 MP: 5/5
  2589 | D:3      | Reached skill level 5 in Axes
  2990 | D:3      | Found a shattered altar of Ashenzari.
  3035 | D:4      | Noticed a sky beast
  3062 | D:4      | Gained mutation: You are partially covered in thin metallic scales (AC +2). [demonic ancestry]
  3062 | D:4      | Reached XP level 6. HP: 37/48 MP: 6/6
  3088 | D:4      | Killed a sky beast
  3444 | D:4      | Noticed Robin
  3446 | D:4      | Noticed namelastname112's ghost (amateur DrTm)
  3469 | D:4      | Slain by a hobgoblin

Vault maps used:
D:1:      roderic_chinese_lattice_arrival, grunt_decor_mini_mirrors
D:2:      lemuel_coloured_pillars_altar, uniq_natasha, uniq_crazy_yiuf_cottage
D:3:      grunt_ministairs_13, ashenzari_altar_1
D:4:      minmay_temple_entry_hall, first_bread, minmay_ruptured, uniq_robin,
          uniq_menkaure

Skill      XL: |  1  2  3  4  5 |
---------------+----------------+-----
Axes           | 3 4 5 |  5.9
Fighting       | 3 4 |  4.8
Throwing       | |  1.7
Dodging        | |  2.6

Action                   |  1- 3 |  4- 6 || total
-------------------------+-------+-------++-------
Melee: War axe           |   110 |   209 ||   319
Throw: Throwing net      |     1 |     1 ||     2
       Stone             |       |    15 ||    15
  Use: Potion            |       |     3 ||     3
  Eat: Chunk             |       |     9 ||     9
